 Dungeon Crawl Stone Soup version 0.20.1-1-g8b1a95d (webtiles) character file.

464 dohliylev the Sneak (level 6, -6/44 HPs)
             Began as a Vampire Assassin on Dec 3, 2017.
             Mangled by a wyvern (7 damage)
             ... on level 4 of the Dungeon.
             The game lasted 00:13:44 (3371 turns).

dohliylev the Sneak (Vampire Assassin)              Turns: 3371, Time: 00:13:45

Health: -6/44      AC: 11    Str: 10    XL:     6   Next: 80%
Magic:  6/6        EV: 14    Int: 14    God:
Gold:   193        SH:  0    Dex: 17    Spells: 5/5 levels left

rFire    . . .     SeeInvis +   a - +2 dagger
rCold    . . .     Gourm    .   (no shield)
rNeg     + . .     Faith    .   k - +3 leather armour
rPois    .         Spirit   .   z - +0 helmet
rElec    .         Reflect  .   d - +0 cloak
rCorr    .         Harm     .   (no gloves)
MR       .....                  F - +2 pair of boots
Stlth    ++........             (no amulet)
Regen    0.2/turn               l - ring of loudness (curse)
MPRegen  0.1/turn               C - ring of wizardry

@: no status effects
A: fangs 3, see invisible, unbreathing
a: Bat Form


You were on level 4 of the Dungeon.
You were not thirsty.

You visited 1 branch of the dungeon, and saw 4 of its levels.

You collected 193 gold pieces.

Inventory:

Hand Weapons
 a - a +2 dagger (weapon)
 b - a +0 blowgun
Missiles
 e - 5 poisoned needles
 f - 2 curare-tipped needles
Armour
 d - a +0 cloak (worn)
 k - a +3 leather armour (worn)
 z - a +0 helmet (worn)
 F - a +2 pair of boots (worn)
Magical Staves
 B - an uncursed staff of poison {unknown}
Jewellery
 l - a cursed ring of loudness (left hand)
 C - a ring of wizardry (right hand)
Scrolls
 c - 3 scrolls of identify {unknown}
 h - 4 scrolls of remove curse {unknown}
 i - a scroll of teleportation {unknown}
 m - a scroll of amnesia {unknown}
 r - 2 scrolls of fear {unknown}
 s - a scroll of fog {unknown}
 w - a scroll of magic mapping {unknown}
 y - a scroll of enchant weapon {unknown}
 D - 2 scrolls of random uselessness {unknown}
Potions
 g - 7 potions of blood
 j - a potion of resistance {unknown}
 n - a potion of agility {unknown}
 o - 2 potions of berserk rage {unknown}
 p - 3 potions of brilliance {unknown}
 q - a potion of invisibility {unknown}
 t - a potion of lignification {unknown}
 u - a potion of curing {unknown}
 v - a potion of heal wounds {unknown}
 x - a potion of magic {unknown}
 A - a potion of degeneration {unknown}
 E - a potion of flight {unknown}


   Skills:
 + Level 2.0 Fighting
 - Level 5.5 Short Blades
 - Level 1.5 Throwing
 - Level 5.1 Dodging
 - Level 7.0 Stealth


You had 5 spell levels left.
You didn't know any spells.

Dungeon Overview and Level Annotations

Branches:
Dungeon (4/15)
 Temple: D:4-7

Altars:


Innate Abilities, Weirdness & Mutations

You have razor-sharp teeth.
You have supernaturally acute eyesight. (SInv)
You can survive without breathing.


Message History

The wyvern bites you!
You barely miss the wyvern.
The wyvern is severely wounded.
The wyvern completely misses you.
You hit the wyvern but do no damage.
The wyvern is severely wounded.
The wyvern bites you but does no damage.
You hit the wyvern.
The wyvern is severely wounded.
The wyvern misses you.
You hit the wyvern.
The wyvern is severely wounded.
The wyvern closely misses you.
You hit the wyvern.
The wyvern is severely wounded.
The wyvern bites you!
* * * LOW HITPOINT WARNING * * *
The wyvern bites you but does no damage.
The wyvern bites you!
You die...

....#.#####.#######
..#.#.#<..........# .#
#.###.#.#.#######.## .###
...............[...## ....
..#.#.....###...#...# ...
........#..)....#.#.# ..#
.######.#.##....#.#.###..#
..........##....#........#
..#####.........@lS##'##....
..#<............####...# .
..#...........###..#...#
..#...##.....## #..#...#
.#.#.#.#.#.#.+ #..#.?.#
#.#.#.#.#.#..## #..#.).#
.#.#.#.#.#....###..#...#
#.#.#.#.#.#.#...##'#[$?#
.#.#.#.#.#.#.#.....#####.


You could see a wyvern and an adder.

Vanquished Creatures
  Sigmund (D:2)
  2 crimson imps (D:4)
  A hound (D:4)
  2 worker ants (D:4)
  Robin (D:2)
  4 adders
  2 oozes (D:3)
  An adder skeleton (D:3)
  4 worms
  2 dart slugs (D:1)
  3 leopard geckos
  An orc (D:3)
  A ball python (D:2)
  9 bats
  6 giant cockroaches
  20 goblins
  7 hobgoblins
  5 jackals
  3 frilled lizards
  A kobold (D:1)
  3 rats (D:2)
79 creatures vanquished.

Notes
Turn   | Place    | Note
-------+----------+-------------------------------------------
     0 | D:1      | dohliylev the Vampire Assassin began the quest for the Orb.
     0 | D:1      | Reached XP level 1. HP: 16/16 MP: 1/1
    43 | D:1      | Reached skill level 6 in Stealth
    67 | D:1      | Reached XP level 2. HP: 15/22 MP: 2/2
   547 | D:1      | Reached XP level 3. HP: 26/27 MP: 3/3
   660 | D:1      | Reached skill level 7 in Stealth
   797 | D:2      | Noticed Robin
   902 | D:1      | HP: 1/27 [goblin/club[Robin] (1)]
  1296 | D:2      | Noticed Sigmund
  1670 | D:3      | Reached XP level 4. HP: 33/33 MP: 4/4
  2571 | D:2      | Killed Robin
  2586 | D:2      | Reached XP level 5. HP: 37/38 MP: 5/5
  2734 | D:2      | Killed Sigmund
  2734 | D:2      | Reached XP level 6. HP: 37/44 MP: 6/6
  3053 | D:4      | Reached skill level 5 in Dodging
  3089 | D:4      | Reached skill level 5 in Short Blades
  3342 | D:4      | Noticed a wyvern
  3368 | D:4      | HP: 1/44 [wyvern (14)]
  3371 | D:4      | Mangled by a wyvern

Skill      XL: |  1  2  3  4  5  6 |
---------------+-------------------+-----
Stealth        | 6 7 |  7.0
Dodging        | 2 3 4 5 |  5.1
Short Blades   | 3 4 5 |  5.5
Fighting       | 2 |  2.0
Throwing       | |  1.5

Action                   |  1- 3 |  4- 6 || total
-------------------------+-------+-------++-------
Melee: Dagger            |   127 |   190 ||   317
       Bite              |    14 |    21 ||    35
 Fire: Blowgun           |     6 |    30 ||    36
  Use: Potion            |     2 |       ||     2
 Stab: Distracted        |     1 |       ||     1
       Sleeping          |     2 |     9 ||    11
  Eat: Corpse            |     2 |     8 ||    10
Armor: Robe              |    11 |       ||    11
       Leather armour    |    38 |    36 ||    74
Dodge: Dodged            |   108 |    87 ||   195
